Map: Kairos Junction LE

Players

Parkkatz

  • Race: Zerg Zerg
  • League: Platinum
  • Spawn Location: 5:00

HowlingElf - Winner!

  • Race: Zerg Zerg
  • League: Platinum
  • Spawn Location: 11:00

VOD

Have the link to the VOD?

Description

Time

  • Played on: July 5, 2019, 8:04 p.m.
  • Length: 5:41
Show
View Real Time Build Order
Export as new Build Order

Parkkatz Zerg 

Build Orders: Hatch First 

Get SALT Encoding   

  12  0:02  Drone  
  13  0:13  Overlord  
  13  0:22  Drone  
  14  0:32  Drone x2  
  16  0:36  Drone  
  17  0:46  Drone  
  18  0:58  Hatchery  
  17  1:07  Drone, Extractor  
  17  1:12  Drone  
  18  1:21  Spawning Pool  
  18  1:22  Drone  
  18  1:29  Drone  
  19  1:41  Overlord  
  19  2:10  Queen x2  
  19  2:12  Drone  
  19  2:13  Zergling x6  
  27  2:16  Metabolic Boost  
  27  2:26  Drone x2  
  29  2:39  Drone  
  29  2:40  Drone  
  31  2:46  Queen x2  
  31  2:50  Drone  
  36  2:52  Overlord  
  36  3:12  Zergling x8  
  40  3:15  Drone  
  41  3:20  Overlord  
  41  3:22  Drone x3  
  44  3:32  Overlord  
  41  3:53  Baneling Nest  
  39  4:04  Drone x5  
  39  4:05  Hatchery, Drone x3, Overlord  
  43  4:19  Extractor  
  43  4:20  Extractor  
  43  4:21  Zergling x8  
  45  4:36  Zergling x6  
  45  4:37  Zergling x6  
  51  4:52  Zergling x8  
  55  4:56  Drone  
  56  5:03  Drone x2  
  56  5:04  Drone x2  
  60  5:10  Baneling x2, Roach Warren  
  60  5:11  Evolution Chamber  
  58  5:25  Baneling x2  
Show
View Real Time Build Order
Export as new Build Order

HowlingElf Zerg - Winner!

Build Orders: Pool First 

Get SALT Encoding   

  12  0:01  Drone  
  13  0:08  Drone  
  14  0:16  Overlord  
  14  0:23  Drone, Extractor  
  15  0:35  Drone x2  
  17  0:45  Extractor  
  17  0:46  Drone  
  17  0:55  Drone  
  18  0:58  Spawning Pool  
  17  1:06  Drone  
  18  1:22  Hatchery  
  17  1:26  Drone  
  17  1:32  Overlord  
  18  1:38  Drone  
  19  1:46  Metabolic Boost  
  19  1:49  Drone  
  20  1:58  Queen  
  22  2:01  Drone  
  23  2:26  Hatchery  
  23  2:30  Drone x2  
  24  2:38  Queen  
  24  2:42  Drone  
  27  2:47  Drone  
  27  2:48  Drone  
  29  2:51  Drone  
  30  3:00  Queen  
  32  3:07  Zergling x6  
  35  3:18  Zergling x2  
  36  3:23  Overlord x2  
  35  3:38  Zergling x10  
  40  3:42  Drone  
  40  3:45  Queen  
  41  3:55  Baneling Nest  
  41  3:56  Zergling x8  
  41  3:57  Zergling x2  
  41  4:14  Drone x5  
  41  4:15  Drone  
  47  4:21  Zergling x6  
  50  4:30  Drone  
  51  4:32  Zergling x8  
  51  4:33  Zergling x2  
  51  4:37  Overlord  
  56  4:54  Zergling x2  
  56  4:59  Baneling x4  
  57  5:00  Baneling x6  
  57  5:12  Drone x5  
  62  5:18  Zergling x6  
Tags
 
Add a new tag
Caveats
  • Supply blocks, unpowered buildings, or Contaminate may cause inaccurate times.
  • Supply counts are checked every 10 seconds.